 Dungeon Crawl Stone Soup version 0.31-a0-263-ge8cad7f256 (webtiles) character file.

Game seed: 11312218195287424434

37 qw the Shooter (level 3, 0/21 HPs)
             Began as a Gargoyle Hexslinger on July 13, 2023.
             Slain by a worm (4 damage)
             ... on level 1 of the Dungeon.
             The game lasted 00:00:18 (956 turns).

qw the Shooter (Gargoyle Hexslinger)                 Turns: 956, Time: 00:00:19

Health: 0/21       AC:  8    Str: 11    XL:     3   Next: 41%
Magic:  4/4        EV: 10    Int: 13    God:
Gold:   28         SH:  0    Dex: 14    Spells: 3/4 levels left

rFire   . . .        Y - +1 sling
rCold   . . .        (no shield)
rNeg    + . .        e - +0 ring mail
rPois   inf          (no helmet)
rElec   +            (no cloak)
rCorr   .            (no gloves)
SInv    .            (no boots)
Will    .....        (no amulet)
Stlth   +            (no ring)
HPRegen 0.23/turn    (no ring)
MPRegen 0.09/turn

%: no passive effects
@: no status effects
A: sickness immunity, AC +3, negative energy resistance 1, electricity
resistance, torment resistance 1, petrification resistance
a: no special abilities


You were on level 1 of the Dungeon.
You visited 1 branch of the dungeon, and saw 2 of its levels.

You collected 28 gold pieces.


Innate Abilities, Weirdness & Mutations

You are immune to sickness and miasma.
Your stone body is resilient. (AC +3)
You are immune to poison.
You resist negative energy. (rN+)
You are resistant to electric shocks. (rElec)
You are resistant to unholy torment.
You are immune to petrification.


   Skills:
 - Level 2.0 Fighting
 + Level 3.3 Ranged Weapons
 - Level 1.5 Dodging
 - Level 1.0 Spellcasting
 - Level 2.6 Hexes


You had 3 spell levels left.
You knew the following spells:

 Your Spells              Type           Power      Damage    Failure   Level
a - Slow                  Hex            28%        N/A       22%         1

Your spell library contained the following spells:

 Spells                   Type           Power      Damage    Failure   Level
 Inner Flame              Hex/Fire       4%         N/A       75%         3
 Portal Projectile        Hex/Tloc       8%         N/A       75%         3
 Cause Fear               Hex            3%         N/A       92%         4

Inventory:

Hand Weapons
 Y - a +1 sling (weapon)
Armour
 e - a +0 ring mail (worn)
Scrolls
 f - a scroll of identify
Potions
 g - a potion of heal wounds {unknown}
 h - a potion of haste {unknown}

Dungeon Overview and Level Annotations

Branches:
Dungeon (2/15)

Altars:


Message History

The kobold hits you but does no damage.
You shoot a sling bullet. The sling bullet hits the worm.
The worm is lightly wounded.
The kobold barely misses you. The worm bites you.
You shoot a sling bullet. The sling bullet hits the worm!
The worm is heavily wounded.
The kobold barely misses you. The worm closely misses you.
You shoot a sling bullet. The sling bullet hits the worm.
The worm is heavily wounded.
The kobold closely misses you.
You shoot a sling bullet. The sling bullet hits the worm.
The worm is severely wounded.
The kobold hits you but does no damage. The worm barely misses you.
The kobold barely misses you.
You shoot a sling bullet.
The sling bullet barely misses the worm.
The kobold hits you but does no damage. The worm bites you but does no damage.
You shoot a sling bullet.
The sling bullet completely misses the worm.
The kobold hits you but does no damage. The worm bites you.
The kobold hits you but does no damage.
You shoot a sling bullet.
The sling bullet hits the worm but does no damage.
The worm is heavily wounded.
The kobold hits you but does no damage. The worm closely misses you.
You shoot a sling bullet.
The sling bullet hits the worm but does no damage.
The worm is heavily wounded.
The kobold hits you with a +0 dagger. The worm bites you but does no damage.
The kobold hits you with a +0 dagger.
You shoot a sling bullet. The sling bullet hits the worm.
The worm is severely wounded.
The kobold barely misses you.
You shoot a sling bullet.
The sling bullet barely misses the worm.
The worm bites you. The kobold closely misses you.
You shoot a sling bullet. The sling bullet hits the worm.
The worm is almost dead.
The kobold hits you but does no damage. The worm bites you.
You die...

####.## #.#####
####.###.###
##########.#\#.######
#¤¤¤....###.#####...#
#¤#########.###..##.# #¤#
#.##~~..####.#
#¤#######..~~##.###.###
##.#..##..###.####S....#
........#####.##@w####.#
##.#..######<#.##K.###.##
##......## ###.###......#
##.##.#### ##.######..#
##.##.### ##.######..#
......## #..........#
##.#### ##...######(#
#.#### ##.....## #.###
#.##.##
##.......####.#.##


You could see a worm, an adder and a kobold.

Vanquished Creatures
  An adder (D:1)
  A ball python (D:1)
  4 bats (D:1)
  4 endoplasms (D:1)
  A giant cockroach (D:1)
  5 goblins (D:1)
  4 kobolds (D:1)
  A frilled lizard (D:1)
  5 rats (D:1)
26 creatures vanquished.

Notes
Turn   | Place    | Note
-------+----------+-------------------------------------------
     0 | D:1      | qw the Gargoyle Hexslinger began the quest for the Orb.
     0 | D:1      | Reached XP level 1. HP: 12/12 MP: 2/2
     0 | D:1      | 0 ||| qw: Version: 0.3-a-52-g30416fa
     0 | D:1      | 0 ||| qw: Game counter: 7404
     0 | D:1      | 0 ||| qw: Melee chars always use a shield: true
     0 | D:1      | 0 ||| qw: God list: Okawaru
     0 | D:1      | 0 ||| qw: Allow faded altars: false
     0 | D:1      | 0 ||| qw: Do Orc after clearing Dungeon:15 true
     0 | D:1      | 0 ||| qw: Do second Lair branch before Depths: true
     0 | D:1      | 0 ||| qw: Lair rune preference: random
     0 | D:1      | 0 ||| qw: Goals: Normal
     0 | D:1      | 0 ||| PLANNING D:1-11
    96 | D:1      | Reached XP level 2. HP: 16/16 MP: 3/3
   186 | D:1      | Reached skill level 3 in Ranged Weapons
   440 | D:1      | Reached XP level 3. HP: 21/21 MP: 4/4
   823 | D:1      | 823 ||| UPGRADING to +0 ring mail.
   833 | D:1      | 833 ||| DROPPING +0 robe.
   834 | D:1      | 834 ||| READING scroll labelled BAMICVOREEDY.
   835 | D:1      | 835 ||| READING 2 scrolls labelled TASTYI TYANYL.
   836 | D:1      | 836 ||| DROPPING scroll of poison.
   871 | D:2      | 871 ||| STAIRDANCE
   941 | D:2      | 941 ||| STAIRDANCE
   953 | D:1      | HP: 5/21 [kobold/+0 dagger (1)]
   956 | D:1      | Slain by a worm

Levels and vault maps discovered:
D:1:      spicycebolla_green_bress_n_ham_2, layout_loops_corners, minivault_23,
          minmay_distorted
D:2:      layout_rooms

Skill      XL: |  1  2 |
---------------+-------+-----
Ranged Weapons | 3 |  3.3
Fighting       | 2 |  2.0
Dodging        | |  1.5
Spellcasting   | |  1.0
Hexes          | |  2.6

Action                     || total
---------------------------++-------
   Fire: Sling             ||    78
    Use: Scroll            ||     2
 Armour: Ring mail         ||    33
  Dodge: Dodged            ||    33

Table legend:
 A = Non-vault XP
 B = Vault XP
 C = Vault XP percentage of total XP
 D = Non-vault monster count
 E = Vault monster count
 F = Vault count percentage of total count
                 A         B        C        D         E       F
            +---------+---------+-------+---------+---------+-------
      Total |      52 |       2 |   3.7 |      25 |       1 |   3.8
            +---------+---------+-------+---------+---------+-------
        D:1 |      52 |       2 |   3.7 |      25 |       1 |   3.8
            +---------+---------+-------+---------+---------+-------
